 Dungeon Crawl Stone Soup version 0.26.1-2-gb8aa6d0cf2 (webtiles) character file.

Game seed: 7767246996514781870

737 Marvel the Cudgeller (level 7, -3/106 HPs)
             Began as a Troll Berserker on Mar 15, 2021.
             Was an Elder of Trog.
             Slain by a gnoll
             ... wielding a +0 spear
              (8 damage)
             ... on level 6 of the Dungeon.
             The game lasted 00:06:22 (4412 turns).

Marvel the Cudgeller (Troll Berserker)              Turns: 4412, Time: 00:06:22

Health: -3/106     AC:  6    Str: 27    XL:     7   Next: 46%
Magic:  6/6        EV: 11    Int:  4    God:    Trog [****..]
Gold:   236        SH:  0    Dex:  9    Spells: 6/6 levels left

rFire    . . .     SeeInvis .   z - +0 flail
rCold    . . .     Faith    +   (no shield)
rNeg     . . .     Spirit   .   b - +0 animal skin
rPois    .         Reflect  .   (helmet restricted)
rElec    .         Harm     .   (no cloak)
rCorr    .         Rampage  .   (gloves unavailable)
Will     .....                  (boots unavailable)
Stlth    ..........             p - amulet of faith
HPRegen  0.67/turn              (no ring)
MPRegen  0.10/turn              (no ring)

@: berserking (expiring), lethally poisoned (-3 -> -3), very quick
A: large, unfitting armour, claws 3, regeneration 1, shaggy fur 1, tough skin 3
a: Renounce Religion, Berserk, Trog's Hand, Brothers in Arms


You were on level 6 of the Dungeon.
You worshipped Trog.
Trog was greatly pleased with you.
You visited 1 branch of the dungeon, and saw 6 of its levels.

You collected 236 gold pieces.

Inventory:

Hand Weapons
 a - a +0 mace
 n - a +0 dagger of venom
 z - a +0 flail (weapon)
 A - a +2 dagger of venom
Armour
 b - a +0 animal skin (worn)
Jewellery
 c - an uncursed ring of protection from cold
 h - a +6 ring of dexterity {unknown}
 o - an uncursed amulet of the acrobat
 p - an amulet of faith (around neck)
 v - an uncursed amulet of magic regeneration {unknown}
 x - an uncursed ring of flight {unknown}
 y - an uncursed ring of protection from cold
Scrolls
 d - 9 scrolls of identify {unknown}
 e - 6 scrolls of teleportation {unknown}
 i - a scroll of fog {unknown}
 j - a scroll of noise {unknown}
 l - 2 scrolls of immolation {unknown}
 m - a scroll of fear {unknown}
 w - 2 scrolls of remove curse
Potions
 f - 8 potions of curing
 g - 2 potions of degeneration {unknown}
 k - a potion of attraction {unknown}
 q - 2 potions of resistance {unknown}
 r - a potion of cancellation {unknown}
 t - 3 potions of lignification {unknown}
 u - a potion of haste {unknown}
 B - a potion of flight {unknown}


   Skills:
 + Level 4.4 Fighting
 + Level 5.7 Maces & Flails
 + Level 4.0 Dodging
 + Level 0.6 Stealth


You had 6 spell levels left.
You didn't know any spells.
Your spell library was empty.

Dungeon Overview and Level Annotations

Branches:
Dungeon (6/15)
 Temple: D:4-7

Altars:
Wu Jian
The Shining One

Annotations:
D:5 Menkaure


Innate Abilities, Weirdness & Mutations

You are too large for most types of armour.
You have claws for hands.
Your natural rate of healing is unusually fast.
You are covered in fur. (AC +1)
You have extremely tough skin. (AC +3)


Message History

You miss the killer bee. The killer bee closely misses you.
The gnoll hits you from afar with a +0 spear.
* * * LOW HITPOINT WARNING * * *
The killer bee stings you.
* * * LOW HITPOINT WARNING * * *
You miss the killer bee.
You feel sick. The killer bee stings you.
* * * LOW HITPOINT WARNING * * *
The gnoll hits you from afar with a +0 spear.
* * * LOW HITPOINT WARNING * * *
You closely miss the killer bee. The killer bee barely misses you.
The killer bee stings you but does no damage.
The gnoll barely misses you.
You miss the killer bee. The killer bee closely misses you.
The gnoll barely misses you.
You barely miss the killer bee. The killer bee barely misses you.
The killer bee closely misses you.
You closely miss the killer bee.
You feel sick. The killer bee stings you.
* * * LOW HITPOINT WARNING * * *
The gnoll hits you from afar with a +0 spear!
You die...

.....)....##..### .
#########.##..#(####.#
#......#...#.#
####..##.....#
#..)......#
####...#### ##g.#
############ #y.#
...........# #@.#
.....#####.# #..#
####.# ##.## #..# ##
#.# ##...## #..# .#
#.###.....###..#
.###..............#
...#.###.....######
.....# ##...## ...###
##.##


You could see a killer bee and a gnoll.

Vanquished Creatures
  2 scorpions (D:4)
  2 killer bees (D:6)
  A howler monkey (D:4)
  A jelly (D:5)
  3 orc priests
  2 hounds
  2 orc wizards
  A worker ant (D:4)
  6 gnolls
  8 adders
  A white imp (D:5)
  2 ufetubi
  An adder skeleton (D:4)
  2 worms
  2 dart slugs (D:1)
  6 leopard geckos
  11 orcs
  2 ball pythons
  2 giant cockroaches
  5 goblins
  6 hobgoblins
  7 jackals
  3 quokkas
  7 bats
  5 frilled lizards
  8 kobolds
  A leopard gecko skeleton (D:4)
  A quokka skeleton (D:6)
  9 rats
109 creatures vanquished.

Notes
Turn   | Place    | Note
-------+----------+-------------------------------------------
     0 | D:1      | Marvel the Troll Berserker began the quest for the Orb.
     0 | D:1      | Reached XP level 1. HP: 22/22 MP: 0/0
   196 | D:1      | Reached XP level 2. HP: 29/29 MP: 1/1
   267 | D:1      | Reached skill level 3 in Maces & Flails
   329 | D:1      | Reached XP level 3. HP: 26/36 MP: 2/2
   874 | D:2      | Reached ** piety under Trog
   943 | D:2      | Reached XP level 4. HP: 39/45 MP: 3/3
  1559 | D:2      | Found a glowing golden altar of the Shining One.
  2368 | D:4      | Reached skill level 4 in Maces & Flails
  2368 | D:4      | Reached XP level 5. HP: 34/53 MP: 4/4
  2524 | D:4      | Reached *** piety under Trog
  2777 | D:4      | Reached XP level 6. HP: 42/61 MP: 5/5
  2999 | D:4      | Reached skill level 5 in Maces & Flails
  3226 | D:4      | HP: 2/62 [orc/+0 trident of protection (10)]
  3387 | D:5      | Entered Level 5 of the Dungeon
  3466 | D:5      | Found an ornate altar of the Wu Jian Council.
  3593 | D:5      | Reached XP level 7. HP: 36/68 MP: 6/6
  4029 | D:5      | Reached **** piety under Trog
  4236 | D:5      | Noticed Menkaure
  4412 | D:6      | HP: 5/106 [killer bee (2)]
  4412 | D:6      | Slain by a gnoll

Illustrated notes

Levels and vault maps discovered:
D:1:      lightli_arrival_quake, layout_loops_cross
D:2:      layout_rooms, minivault_26, tso_altar
D:3:      layout_loops_ring, minmay_misc_feat_five
D:4:      layout_gridville, minmay_misc_feat_square
D:5:      cheibrodos_iron_armory, layout_layer_cave, kennysheep_mini,
          uniq_menkaure
D:6:      layout_loops_ring, minmay_overflow_temple_hex, dk_rats_in_the_wall,
          uniq_maggie

Skill      XL: |  1  2  3  4  5  6  7 |
---------------+----------------------+-----
Maces & Flails | 3 4 5 |  5.7
Fighting       | 3 4 |  4.4
Dodging        | 3 4 |  4.0
Stealth        | |  0.6

Action                   |  1- 3 |  4- 6 |  7- 9 || total
-------------------------+-------+-------+-------++-------
Melee: Mace              |   115 |   274 |    36 ||   425
       Flail             |       |       |    69 ||    69
Invok: Berserk           |       |     1 |     1 ||     2
  Use: Potion            |       |     1 |       ||     1
       Scroll            |       |       |     2 ||     2
Armor: Animal skin       |    68 |   118 |    41 ||   227
Dodge: Dodged            |    95 |   204 |    98 ||   397
